Map: Acid Plant LE

Players

ShoWTimE

  • Race: Protoss Protoss
  • Spawn Location: 11:00

Neeb - Winner!

  • Race: Protoss Protoss
  • Spawn Location: 5:00

Event: WCS Valencia 2018

VOD

Have the link to the VOD?

Description

Time

  • Played on: July 14, 2018, 7:35 a.m.
  • Length: 24:37

All games in this series

Show
View Real Time Build Order
Export as new Build Order

ShoWTimE Protoss 

Build Orders: Phoenix Opening, Archon Immortal, Zealot Archon 

Get SALT Encoding   

  12  0:00  Probe  
  13  0:12  Probe  
  14  0:17  Pylon  
  14  0:24  Probe  
  15  0:32  Probe  
  15  0:37  Gateway  
  15  0:40  Probe  
  16  0:46  Assimilator  
  17  0:50  Probe  
  17  0:55  Assimilator  
  18  0:58  Probe  
  19  1:06  Probe  
  20  1:13  Gateway  
  20  1:17  Probe  
  20  1:25  Cybernetics Core  
  21  1:29  Probe  
  22  1:36  Pylon  
  22  1:41  Probe  
  23  1:54  Probe  
  23  2:01  Sentry, Stalker  
  28  2:02  Warp Gate  
  28  2:12  Pylon  
  28  2:36  Stargate, Stalker  
  29  2:53  Nexus  
  29  2:55  Stalker  
  31  3:06  Probe  
  31  3:07  Phoenix  
  32  3:16  Pylon  
  32  3:18  Probe  
  33  3:22  Phoenix  
  35  3:34  Probe  
  35  3:39  Phoenix  
  35  3:40  Pylon  
  36  3:46  Probe  
  39  4:04  Stalker  
  39  4:06  Probe x2  
  41  4:18  Probe x2  
  41  4:20  Phoenix  
  45  4:27  Probe  
  45  4:30  Probe, Pylon  
  47  4:39  Probe  
  47  4:43  Probe  
  47  4:44  Robotics Facility  
  49  4:50  Probe  
  50  4:53  Phoenix  
  50  4:55  Probe  
  50  4:58  Probe  
  53  5:03  Pylon  
  53  5:06  Probe  
  55  5:07  Probe  
  56  5:14  Forge  
  56  5:18  Probe  
  56  5:19  Probe  
  58  5:22  Assimilator  
  58  5:24  Immortal  
  58  5:26  Assimilator  
  58  5:30  Probe  
  58  5:31  Probe  
  64  5:38  Pylon  
  64  5:40  Protoss Ground Weapons Level 1  
  64  5:42  Adept, Probe  
  67  5:43  Adept  
  69  5:53  Probe  
  69  5:54  Pylon  
  69  5:55  Immortal  
  71  6:06  Probe  
  71  6:10  Twilight Council  
  75  6:14  Pylon  
  75  6:25  Immortal  
  71  6:30  Shield Battery  
  71  6:37  Gateway x2  
  75  6:47  Templar Archives, Charge  
  75  6:59  Pylon  
  75  7:03  Nexus  
  75  7:08  Observer  
  76  7:17  Protoss Ground Weapons Level 2  
  76  7:18  Probe x2  
  74  7:28  Gateway  
  74  7:32  Gateway  
  74  7:33  Gateway  
  74  7:34  Gateway  
  78  7:41  Immortal  
  78  7:45  High Templar  
  78  7:46  High Templar  
  78  7:51  Archon  
  82  7:52  Pylon  
  82  7:53  Probe  
  82  7:54  Probe  
  82  8:13  High Templar x2  
  82  8:16  Pylon  
  82  8:18  Archon  
  86  8:20  Zealot x2  
  90  8:30  Zealot  
  90  8:31  Zealot  
  73  8:41  Zealot x3  
  73  8:47  Zealot x3  
  81  8:53  Zealot  
  81  8:54  Zealot  
  74  9:01  Zealot x3  
  65  9:04  Probe x2  
  65  9:05  Probe  
  64  9:12  Probe  
  64  9:13  Probe  
  66  9:18  Protoss Ground Weapons Level 3, Probe  
  66  9:20  Probe  
  66  9:21  Probe  
  67  9:26  High Templar x2  
  67  9:30  Probe  
  67  9:31  Archon  
  74  9:32  Probe  
  74  9:33  Pylon  
  74  9:34  Probe  
  74  9:37  High Templar  
  78  9:39  High Templar  
  78  9:43  Archon  
  78  9:45  Probe x2  
  82  9:46  Probe  
  83  9:57  High Templar x2, Probe x2  
  83  9:58  Probe  
  88  10:01  Archon  
  88  10:09  Probe  
  89  10:16  Immortal  
  95  10:24  Zealot x5  
  103  10:30  Pylon  
  103  10:32  Assimilator  
  103  10:37  Zealot x2, Assimilator  
  106  10:44  Shield Battery  
  106  10:48  Probe x2, Pylon  
  106  10:49  Probe  
  109  10:50  Observer, Warp Prism, High Templar x2  
  109  10:54  Archon  
  115  11:06  Probe x3  
  115  11:09  High Templar x2  
  115  11:11  Pylon  
  122  11:13  Archon  
  122  11:17  Zealot x3  
  129  11:18  Probe  
  129  11:19  Pylon  
  129  11:23  High Templar x2  
  133  11:28  Archon  
  133  11:29  Zealot  
  133  11:31  Pylon  
  135  11:35  Pylon  
  135  11:43  Observer  
  135  11:47  Protoss Shields Level 1  
  135  11:52  High Templar x2  
  135  11:53  Zealot x4  
  147  11:56  Zealot x2  
  147  11:57  Archon  
  151  12:02  Pylon  
  151  12:13  Pylon  
  145  12:23  Zealot x2, High Templar x2  
  145  12:24  Zealot x3  
  145  12:26  Zealot  
  145  12:28  Archon  
  161  12:31  Immortal  
  161  12:32  Photon Cannon  
  161  12:34  Pylon  
  161  12:36  Nexus  
  165  12:49  High Templar x2  
  169  12:52  Pylon  
  169  12:53  Pylon, Archon  
  169  12:58  High Templar x2  
  169  13:02  Pylon  
  169  13:05  Observer  
  172  13:09  Zealot x4  
  172  13:10  Archon  
  181  13:17  Photon Cannon  
  181  13:18  Photon Cannon  
  181  13:19  Observer  
  181  13:22  Zealot x2  
  181  13:24  Probe x2  
  183  13:31  Zealot x2  
  174  13:37  Zealot  
  169  13:42  High Templar x3  
  169  13:47  High Templar, Archon  
  175  13:51  Archon  
  171  13:57  Zealot x3  
  175  14:03  Zealot  
  173  14:20  High Templar x2, Pylon  
  173  14:21  Zealot x5  
  187  14:25  Zealot, Archon  
  169  14:49  Zealot x6  
  179  14:53  Probe x3  
  179  14:57  Zealot x2  
  186  15:00  Protoss Shields Level 2  
  186  15:11  Zealot x3  
  186  15:12  Zealot  
  190  15:27  High Templar x4  
  196  15:31  Archon x2  
  196  15:35  High Templar x2  
  196  15:41  Zealot x2, Archon  
  199  15:50  Photon Cannon  
  195  16:10  High Templar x2  
  199  16:14  Archon  
  191  16:20  Phoenix  
  191  16:21  Zealot x3  
  191  16:25  Zealot x3  
  144  16:48  Zealot x8  
  102  17:09  Immortal  
  102  17:11  Phoenix  
  102  17:12  Protoss Ground Armor Level 1  
  102  17:14  Zealot x5  
  102  17:15  Zealot x3  
  124  17:24  Probe x3  
  124  17:25  Probe  
  128  17:33  Phoenix  
  130  17:43  High Templar x4  
  130  17:44  High Templar x2  
  142  17:47  Archon x2  
  142  17:48  Archon  
  142  17:49  Zealot  
  138  18:01  Phoenix  
  136  18:06  Probe x2  
  136  18:10  Zealot x2  
  115  18:27  Zealot x5  
  115  18:29  Observer  
  115  18:32  Zealot  
  113  18:45  Phoenix  
  115  18:51  High Templar x2  
  115  18:52  Zealot  
  121  18:56  Archon  
  121  19:02  Phoenix  
  117  19:05  Observer  
  118  19:13  Zealot x3  
  102  19:36  Zealot x4  
  110  19:44  Phoenix  
  102  19:56  High Templar x4  
  110  20:00  Archon x2  
  110  20:20  Zealot  
  110  20:21  Zealot x2  
  84  20:29  Zealot  
  80  20:41  Zealot  
  72  20:47  Phoenix  
  56  20:52  High Templar x2  
  56  20:57  Zealot, Archon  
  60  21:18  Zealot x2  
  64  21:23  Zealot  
  66  21:31  High Templar  
  68  21:33  High Templar  
  68  21:37  Archon  
  70  21:41  Immortal  
  74  22:10  Immortal  
  78  22:27  Zealot x2  
  79  22:48  Zealot x3  
  85  22:53  Zealot  
  87  23:04  Zealot  
  71  23:21  Zealot  
  71  23:22  Zealot  
  71  23:24  Observer  
  63  23:32  Zealot x2  
  59  23:44  High Templar x2  
  63  23:49  Archon  
  63  24:00  High Templar x2  
  67  24:04  Archon  
  67  24:11  Zealot  
  67  24:16  Zealot  
Show
View Real Time Build Order
Export as new Build Order

Neeb Protoss - Winner!

Build Orders: Oracle Opening, Zealot Archon 

Get SALT Encoding   

  12  0:00  Probe  
  13  0:12  Probe  
  14  0:17  Pylon  
  14  0:23  Probe  
  15  0:32  Probe  
  15  0:38  Gateway  
  15  0:40  Probe  
  16  0:47  Assimilator  
  17  0:51  Probe  
  17  0:54  Assimilator  
  18  0:59  Probe  
  19  1:07  Gateway, Probe  
  20  1:17  Probe  
  20  1:25  Cybernetics Core  
  21  1:29  Probe  
  22  1:35  Pylon  
  22  1:41  Probe  
  23  1:54  Probe  
  24  1:58  Stalker  
  24  2:01  Stalker  
  24  2:02  Warp Gate  
  24  2:08  Pylon  
  28  2:22  Stalker  
  30  2:34  Stargate  
  30  2:41  Stalker  
  31  3:02  Nexus  
  31  3:07  Oracle  
  31  3:17  Shield Battery  
  31  3:18  Probe  
  35  3:33  Probe, Pylon  
  36  3:45  Probe  
  37  3:51  Oracle  
  40  3:57  Probe  
  41  4:09  Probe  
  42  4:15  Twilight Council  
  42  4:16  Probe  
  40  4:17  Zealot  
  40  4:19  Stalker  
  40  4:21  Probe  
  45  4:24  Probe  
  45  4:27  Blink  
  46  4:32  Probe  
  46  4:33  Probe  
  48  4:38  Stalker  
  48  4:43  Probe  
  48  4:45  Stalker, Probe  
  54  4:51  Pylon  
  54  4:56  Probe  
  55  5:00  Probe  
  55  5:05  Assimilator  
  56  5:08  Probe  
  56  5:09  Assimilator  
  56  5:11  Stalker  
  56  5:12  Probe  
  60  5:17  Stalker  
  62  5:22  Probe  
  62  5:24  Probe  
  64  5:34  Forge, Probe  
  65  5:36  Probe, Pylon  
  65  5:39  Sentry  
  68  5:46  Probe  
  68  5:47  Robotics Facility  
  68  5:49  Probe  
  70  5:55  Pylon  
  70  5:57  Stalker  
  70  6:01  Protoss Ground Weapons Level 1  
  69  6:04  Probe x2  
  70  6:16  Probe  
  70  6:19  Stalker, Charge  
  70  6:21  Probe  
  73  6:32  Gateway  
  73  6:39  Gateway  
  73  6:42  Gateway  
  73  6:43  Templar Archives  
  73  6:49  Gateway  
  73  6:50  Gateway  
  73  6:53  Gateway  
  73  6:55  Pylon  
  73  6:58  Probe  
  74  7:05  Warp Prism  
  74  7:08  Zealot  
  74  7:09  Zealot  
  74  7:14  Pylon  
  77  7:30  Nexus  
  77  7:39  High Templar x3  
  77  7:40  High Templar  
  77  7:41  Zealot  
  87  7:45  Archon  
  87  7:46  Archon  
  87  7:47  Zealot  
  87  7:48  Zealot  
  91  8:01  Pylon  
  85  8:10  Zealot, High Templar x2  
  85  8:11  Zealot x3  
  91  8:14  Archon  
  91  8:16  Zealot  
  93  8:21  Probe  
  93  8:22  Probe  
  75  8:50  Probe  
  75  8:53  High Templar x2  
  75  8:54  Zealot x4, High Templar x2  
  66  9:03  Probe, Protoss Ground Weapons Level 2  
  66  9:06  Probe  
  66  9:07  Probe  
  65  9:12  Probe  
  65  9:14  Probe  
  65  9:15  Probe  
  58  9:20  Probe  
  58  9:22  Probe  
  58  9:23  Probe  
  61  9:26  Archon  
  61  9:27  Archon  
  61  9:30  Stalker x2  
  67  9:35  Sentry  
  67  9:37  Probe x2  
  71  9:42  Stalker, Probe  
  73  9:49  Probe x2  
  74  9:55  Probe  
  75  10:01  Probe x2  
  75  10:05  High Templar  
  75  10:06  High Templar  
  82  10:07  Probe  
  82  10:08  Pylon  
  82  10:10  Immortal  
  82  10:13  Probe x2  
  84  10:20  Archon  
  84  10:21  Probe  
  89  10:32  Zealot x4  
  89  10:34  Probe x2  
  99  10:42  Immortal, Assimilator  
  97  10:43  Assimilator  
  97  10:45  Probe  
  97  10:49  Zealot, High Templar x2  
  108  10:50  Zealot  
  108  10:54  High Templar  
  108  10:55  Archon  
  108  10:56  Probe  
  112  11:01  Zealot x2, Stalker  
  118  11:08  Probe  
  119  11:12  High Templar  
  119  11:13  Zealot, Warp Prism  
  119  11:15  Pylon  
  123  11:24  Dark Shrine  
  125  11:27  Archon  
  125  11:29  Zealot x4  
  133  11:34  Pylon x2  
  133  11:39  High Templar  
  135  11:40  Zealot, High Templar  
  135  11:44  Archon  
  135  11:46  Zealot  
  141  11:51  Pylon  
  141  11:52  Zealot x3  
  141  11:53  Zealot  
  149  11:57  Immortal  
  153  12:05  High Templar  
  153  12:06  High Templar  
  157  12:08  Pylon  
  157  12:10  Archon  
  157  12:12  Zealot  
  157  12:13  Zealot x2  
  159  12:26  Assimilator  
  159  12:27  Pylon  
  159  12:29  Observer, Pylon  
  159  12:30  Pylon  
  159  12:32  Pylon  
  159  12:33  Pylon  
  160  12:47  High Templar, Dark Templar x2  
  160  12:48  Protoss Ground Weapons Level 3  
  160  12:49  Probe x3  
  169  12:51  Immortal  
  169  12:52  Dark Templar  
  171  13:01  Probe  
  176  13:06  Probe  
  176  13:10  Nexus  
  176  13:11  Pylon  
  175  13:21  Immortal  
  175  13:23  Zealot x5  
  185  13:40  High Templar  
  187  13:47  Zealot x3, Archon  
  193  13:55  Zealot x3  
  191  13:58  Assimilator  
  191  13:59  Zealot  
  181  14:02  Assimilator  
  181  14:06  Immortal, Photon Cannon  
  181  14:14  High Templar x2  
  181  14:15  High Templar x2  
  193  14:19  Archon x2  
  193  14:32  Pylon  
  193  14:34  Robotics Facility  
  193  14:37  Robotics Bay  
  193  14:40  Zealot x3  
  193  14:43  Zealot  
  181  14:56  Photon Cannon  
  179  15:17  Disruptor  
  179  15:18  Zealot x4  
  179  15:20  Disruptor  
  179  15:21  Zealot x3  
  166  15:28  Nexus  
  173  15:36  High Templar  
  173  15:41  High Templar  
  173  15:42  High Templar x3  
  183  15:44  High Templar  
  183  15:47  Archon x2  
  183  15:48  Disruptor  
  185  15:50  Disruptor  
  185  15:52  Probe  
  185  15:53  Probe  
  190  16:02  Archon  
  190  16:03  Zealot x2  
  179  16:21  Disruptor  
  179  16:24  Disruptor  
  176  16:29  Nexus  
  176  16:31  Zealot x3  
  170  16:44  Zealot x3  
  148  16:56  Zealot x3, Disruptor  
  137  17:02  Disruptor  
  137  17:07  Zealot  
  132  17:24  Dark Templar x3  
  132  17:27  Disruptor, Dark Templar  
  140  17:34  Disruptor, Probe x2  
  148  17:56  Zealot x3  
  153  17:59  Probe  
  153  18:00  Probe  
  153  18:04  Disruptor  
  146  18:09  Zealot x2  
  150  18:13  Dark Templar  
  141  18:30  Dark Templar x2  
  123  18:39  Archon  
  114  18:42  Zealot x5  
  114  18:45  Assimilator x2  
  124  18:49  Observer  
  117  19:05  Dark Templar x2  
  117  19:06  Zealot x3  
  117  19:07  Nexus  
  127  19:13  Archon  
  95  19:32  Zealot x4  
  95  19:34  Zealot x2  
  97  19:50  High Templar x2  
  88  19:55  Observer  
  88  19:59  Archon  
  89  20:00  Zealot x5  
  89  20:02  Zealot  
  99  20:21  Zealot x4  
  69  20:31  Zealot x2  
  48  20:46  Stalker x2  
  46  21:04  Stalker x2  
  46  21:35  High Templar x2  
  46  21:36  Nexus, Zealot x2  
  46  21:39  Archon  
  54  21:44  Zealot  
  54  21:45  Zealot  
  58  22:00  Zealot x2  
  62  22:19  Zealot x3  
  68  22:27  Zealot  
  70  22:36  High Templar x2  
  74  22:45  Archon  
  74  22:48  Zealot x3  
  72  22:53  Zealot  
  74  23:04  Zealot x2  
  78  23:12  Zealot x2  
  66  23:19  High Templar  
  48  23:32  Zealot x4, High Templar  
  56  23:45  Zealot x2  
  60  23:54  Archon  
  60  23:57  Dark Templar  
  60  24:01  Zealot x4  
  70  24:25  Zealot x4  
Tags
 
Add a new tag
Caveats
  • Supply blocks, unpowered buildings, or Contaminate may cause inaccurate times.
  • Supply counts are checked every 10 seconds.